 Dungeon Sprint DCSS version 0.27.1-33-g824d729ab1 (webtiles) character file.

Game seed: 12283138193599790949

12112 Adenis the Severer (level 11, -18/119 HPs)
             Began as a Minotaur Berserker on Dec 6, 2021.
             Was the Champion of Trog.
             Killed from afar by Lom Lobon (70 damage)
             ... with a great icy blast
             ... in the Dungeon (Sprint I: "Red Sonja").
             The game lasted 00:09:44 (5436 turns).

Adenis the Severer (Minotaur Berserker)             Turns: 5436, Time: 00:09:47

Health: -18/119    AC: 16    Str: 24    XL:     11   Next: 58%
Magic:  1/3        EV: 11    Int:  4    God:    Trog [******]
Gold:   605        SH:  0    Dex: 11    Spells: 10/10 levels left

rFire    . . .     SeeInvis .   v - +8 broad axe (antimagic)
rCold    . . .     Faith    .   (no shield)
rNeg     . . .     Spirit   .   r - +4 plate armour "Wukiphid" {Rampage}
rPois    .         Reflect  .   (helmet restricted)
rElec    .         Harm     .   (no cloak)
rCorr    .         Rampage  +   (no gloves)
Will     .....     NoTele   +   (no boots)
Stlth    ..........             (no amulet)
HPRegen  0.29/turn              (no ring)
MPRegen  0.08/turn              (no ring)

@: corroded, on berserk cooldown, slowed, very slow
A: horns 2, retaliatory headbutt
a: Renounce Religion, Berserk, Trog's Hand, Brothers in Arms


You were in the Dungeon.
You worshipped Trog.
Trog was exalted by your worship.
You visited 1 branch You collected 1832 gold pieces.
You spent 1227 gold pieces at shops.

Inventory:

Hand Weapons
 a - a +0 hand axe
 o - a +2 vorpal battleaxe
 s - the +5 mace "Agyogh" {vorpal, Fly rCorr SInv}
   (You bought it in a shop in the Dungeon)

   It inflicts extra damage upon your enemies.
   SInv:      It lets you see invisible.
   Fly:       It grants you flight.
   rCorr:     It protects you from acid and corrosion.
 u - a +4 war axe of flaming
 v - a +8 antimagic broad axe (weapon)
Armour
 b - a +0 animal skin
 m - a +0 troll leather armour
 r - the +4 plate armour "Wukiphid" (worn) {Rampage}
   (You bought it in a shop in the Dungeon)

   Rampage:   It bestows one free step when moving towards enemies.
Wands
 i - a wand of polymorph (8)
 j - a wand of flame (30)
Scrolls
 h - 2 scrolls of blinking
 k - a scroll of amnesia {unknown}
 l - a scroll of enchant armour {unknown}
 n - 5 scrolls of identify {unknown}
 p - a scroll of vulnerability {unknown}
Potions
 c - 4 potions of curing
 d - 2 potions of heal wounds
 e - a potion of haste
 f - 2 potions of magic
 g - a potion of berserk rage
 t - a potion of flight {unknown}
Miscellaneous
 q - a tin of tremorstones (2/2)


   Skills:
 + Level 18.0 Fighting
 + Level 19.1(19.8) Axes
 + Level 10.5(15.9) Maces & Flails
 + Level 13.3 Armour
 + Level 10.9 Dodging
 + Level 4.8 Stealth


You had 10 spell levels left.
You didn't know any spells.
Your spell library was empty.

Dungeon Overview and Level Annotations

Branches:
Dungeon (1/1)

Altars:
Cheibriados
Dithmenos
Elyvilon
Fedhas
Gozag
Hepliaklqana
Kikubaaqudgha
Makhleb
Nemelex Xobeh
Okawaru
Qazlal
Ru
Sif Muna
Trog
Uskayaw
Vehumet
Wu Jian
Xom
Yredelemnul
Zin
The Shining One
Jiyva
Lugonu

Shops:
D (!*[([!((?(([[![*

Annotations:
D exclusion: oklob plant, Lom Lobon


Innate Abilities, Weirdness & Mutations

You have a pair of horns on your head.
You reflexively headbutt those who attack you in melee.


Message History

You feel your anger nearly subside.
There is an open door here.
You are no longer berserk.
You are exhausted.
You feel yourself slow down.
Lom Lobon, Demon Lord of Forbidden Knowledge comes into view.
Lom Lobon screams, "Crawl home, thou rough-hewn weather-bitten toady!"
Lom Lobon blinks!
You are engulfed in dark miasma.
You are poisoned.
You feel as though you will be slow longer.
You feel extremely sick. Lom Lobon hits you!
You feel your power leaking away.
Lom Lobon blinks!
You feel very sick.
You feel very sick.
You feel sick.
Lom Lobon is nearby!
You feel sick.
Lom Lobon blinks!
There is an open door here.
Really walk into a travel-excluded area?
Okay, then.
Really walk into a travel-excluded area?
You feel sick.
You feel sick. The oklob plant spits acid at you. The splash of acid hits you.
The acid corrodes you!
You are splashed with acid!
You feel sick.
You are no longer poisoned.
Lom Lobon blinks!
There is an open door here.
You enter the shallow water.
Moving in this stuff is going to be slow.
Found 27 gold pieces.
Lom Lobon gestures at you.
Lom Lobon conjures a mighty blast of ice!
The great icy blast engulfs you!!!
Ouch! That really hurt!
You die...

^ #..≈.## .#
#..≈## ##
###..≈# #
#P≈..## #M≈..#
###&.# #.§§§#
#.##§##
#.#≈@≈#
#.#≈≈≈≈#
#.°°&#≈≈≈≈≈#
#^°.°####≈≈≈≈#
°.^..° #'≈≈≈'≈
°°.°° .##≈≈#≈≈
°&.°° . #####'
°.°° $ ...°


You could see Lom Lobon and an oklob plant.

Vanquished Creatures
  A deep elf annihilator (D)
  A hydra (D)
  2 centaur warriors (D)
  Sonja (D)
  A deep troll (D)
  A lindwurm (D)
  An oklob plant (D)
  A merfolk siren (D)
  A gargoyle (D)
  2 unseen horrors (D)
  2 kobold demonologists (D)
  4 demonic crawlers (D)
  A hellwing (D)
  3 hornets (D)
  A slime creature (D)
  Sigmund (D)
  2 redbacks (D)
  13 hogs (D)
  A yak (D)
  3 floating eyes (D)
  An ogre (D)
  7 necrophages (D)
  8 jellies (D)
  Ijyb (D)
60 creatures vanquished.

Vanquished Creatures (others)
  A merfolk siren (D)
  A gargoyle (D)
  2 hornets (D)
  2 ballistomycete spores (D)
6 creatures vanquished.

Grand Total: 66 creatures vanquished

Notes
Turn   | Place    | Note
-------+----------+-------------------------------------------
     0 | D        | Adenis the Minotaur Berserker began the quest for the Orb.
     0 | D        | Reached XP level 1. HP: 19/19 MP: 0/0
     2 | D        | Noticed Ijyb
     6 | D        | Killed Ijyb
     7 | D        | Reached skill level 5 in Fighting
     7 | D        | Reached skill level 5 in Axes
     7 | D        | Reached XP level 2. HP: 29/29 MP: 1/1
   233 | D        | Noticed an ogre
   236 | D        | Killed an ogre
   237 | D        | Reached skill level 7 in Axes
   237 | D        | Reached XP level 3. HP: 39/39 MP: 2/2
   237 | D        | Reached XP level 4. HP: 47/47 MP: 3/3
   350 | D        | Noticed Sigmund
   356 | D        | Killed Sigmund
   356 | D        | Reached ** piety under Trog
   357 | D        | Reached skill level 10 in Axes
   357 | D        | Reached skill level 5 in Armour
   357 | D        | Reached skill level 5 in Dodging
   357 | D        | Reached XP level 5. HP: 57/57 MP: 4/4
   357 | D        | Reached XP level 6. HP: 64/64 MP: 5/5
   566 | D        | Found an ornate altar of the Wu Jian Council.
   566 | D        | Found a shimmering blue altar of Sif Muna.
   568 | D        | Found a radiant altar of Vehumet.
   768 | D        | Found Kin Rahe's Distillery.
   768 | D        | Found an ancient bone altar of Kikubaaqudgha.
   768 | D        | Found a hazy altar of Hepliaklqana.
   768 | D        | Found a stormy altar of Qazlal.
   768 | D        | Found a hide-covered altar of Uskayaw.
   768 | D        | Found a blossoming altar of Fedhas.
   768 | D        | Found a bloodstained altar of Trog.
   768 | D        | Found an iron altar of Okawaru.
   768 | D        | Found a basalt altar of Yredelemnul.
   768 | D        | Found a glowing golden altar of the Shining One.
   768 | D        | Found a snail-covered altar of Cheibriados.
   768 | D        | Found a sacrificial altar of Ru.
   768 | D        | Found a glowing silver altar of Zin.
   768 | D        | Found a shadowy altar of Dithmenos.
   768 | D        | Found a white marble altar of Elyvilon.
   768 | D        | Noticed a yak
   771 | D        | Killed a yak
   772 | D        | Reached skill level 10 in Fighting
   772 | D        | Reached skill level 11 in Axes
   772 | D        | Found an opulent altar of Gozag.
   773 | D        | Found a sparkling altar of Nemelex Xobeh.
   906 | D        | Killed a hornet
   909 | D        | Killed a hornet
  1072 | D        | Found a burning altar of Makhleb.
  1072 | D        | Found a viscous altar of Jiyva.
  1072 | D        | Found a shimmering altar of Xom.
  1072 | D        | Found a corrupted altar of Lugonu.
  1072 | D        | Noticed a slime creature
  1080 | D        | Killed a slime creature
  1081 | D        | Reached skill level 12 in Axes
  1081 | D        | Reached XP level 7. HP: 54/74 MP: 6/6
  1282 | D        | Noticed a kobold demonologist
  1282 | D        | Noticed a kobold demonologist
  1285 | D        | Reached *** piety under Trog
  1286 | D        | Reached skill level 1 in Stealth
  1290 | D        | Killed a kobold demonologist
  1291 | D        | Reached skill level 13 in Axes
  1295 | D        | Killed a kobold demonologist
  1295 | D        | Reached **** piety under Trog
  1296 | D        | Reached skill level 14 in Axes
  1296 | D        | Reached XP level 8. HP: 85/85 MP: 7/7
  1463 | D        | Noticed a centaur warrior
  1465 | D        | Noticed a centaur warrior
  1475 | D        | Killed a centaur warrior
  1476 | D        | Reached skill level 15 in Axes
  1477 | D        | Killed a centaur warrior
  1478 | D        | Reached skill level 16 in Axes
  1478 | D        | Reached XP level 9. HP: 36/95 MP: 8/8
  1902 | D        | Noticed a deep troll
  1908 | D        | Killed a deep troll
  1936 | D        | Found Ofer's Armour Emporium.
  2138 | D        | Paralysed by a hornet for 3 turns
  2144 | D        | Reached skill level 17 in Axes
  2306 | D        | Noticed an oklob plant
  2316 | D        | Killed an oklob plant
  2316 | D        | Reached ***** piety under Trog
  2317 | D        | Reached skill level 15 in Fighting
  2360 | D        | Received a gift from Trog
  2368 | D        | Reached XP level 10. HP: 69/105 MP: 9/9
  2577 | D        | Received a gift from Trog
  2578 | D        | Reached skill level 18 in Axes
  2600 | D        | Reached ****** piety under Trog
  2601 | D        | Reached skill level 10 in Dodging
  2693 | D        | Killed a gargoyle
  2769 | D        | Received a gift from Trog
  2799 | D        | Found Hisu's Antique Armour Shoppe.
  2799 | D        | Found Lonitaz's General Store.
  2799 | D        | Found Dutarut's Weapon Boutique.
  2801 | D        | Found Jeucacsu's Antique Armour Emporium.
  2801 | D        | Found Otudaxic's Distillery.
  2801 | D        | Found Fuycess's Antique Weapon Shoppe.
  2801 | D        | Found Cuttelag's Antique Weapon Boutique.
  2801 | D        | Found Noeridot's Magic Scroll Emporium.
  2801 | D        | Found Gowi's Antique Weapon Shop.
  2801 | D        | Found Noehoats's Antique Weapon Shoppe.
  2805 | D        | Found Packu's Armour Boutique.
  2806 | D        | Found Bampief's Distillery.
  2806 | D        | Found Jintid's Armour Boutique.
  2807 | D        | Found Eris's General Store.
  2819 | D        | Bought the +4 plate armour "Wukiphid" {Rampage} for 550
                  | gold pieces
  2832 | D        | Bought the +5 mace "Agyogh" {vorpal, Fly rCorr SInv} for
                  | 677 gold pieces
  2901 | D        | Noticed Sonja
  2910 | D        | Killed Sonja
  2911 | D        | Reached skill level 1 in Maces & Flails
  3339 | D        | Found Hiedgh's Antique Weapon Boutique.
  3412 | D        | Reached skill level 10 in Armour
  3816 | D        | Noticed a gargoyle
  3823 | D        | Killed a gargoyle
  3824 | D        | Reached skill level 19 in Axes
  4048 | D        | Killed a merfolk siren
  4311 | D        | Noticed a lindwurm
  4317 | D        | Killed a lindwurm
  4317 | D        | Received a gift from Trog
  4565 | D        | Reached skill level 5 in Maces & Flails
  4565 | D        | Reached XP level 11. HP: 117/117 MP: 10/10
  4588 | D        | Received a gift from Trog
  4601 | D        | Received a gift from Trog
  4915 | D        | Noticed a 12-headed hydra
  4921 | D        | Killed a 16-headed hydra
  5181 | D        | Noticed a deep elf annihilator
  5191 | D        | Received a gift from Trog
  5197 | D        | Killed a deep elf annihilator
  5198 | D        | Reached skill level 10 in Maces & Flails
  5202 | D        | Noticed a mummy priest
  5417 | D        | Noticed an oklob plant
  5427 | D        | Noticed Lom Lobon
  5436 | D        | Killed from afar by Lom Lobon

Illustrated notes

Levels and vault maps discovered:
D:        dungeon_sprint_1 [red_sonja_temple_1, red_sonja_temple_small_1]

Skill      XL: |  1  2  3  4  5  6  7  8  9 10 11 |
---------------+----------------------------------+-----
Fighting       | 5 7 9 11 12 14 15 17 18 | 18.0
Axes           | 5 7 10 12 14 16 17 19 | 19.1
Armour         | 3 4 5 6 7 8 9 10 13 | 13.3
Dodging        | 3 4 5 6 7 8 9 10 | 10.9
Stealth        | 1 2 3 4 |  4.8
Maces & Flails | 5 10 | 10.5

Action                   |  1- 3 |  4- 6 |  7- 9 | 10-12 || total
-------------------------+-------+-------+-------+-------++-------
Melee: Hand axe          |     5 |    17 |    51 |       ||    73
       Headbutt          |     3 |     6 |    12 |    41 ||    62
       Mace              |       |       |       |    81 ||    81
       Battleaxe         |       |       |       |    41 ||    41
       Broad axe         |       |       |       |    26 ||    26
Invok: Berserk           |     2 |     2 |     5 |     7 ||    16
  Use: Potion            |       |       |       |     1 ||     1
 Stab: Sleeping          |       |     1 |     1 |     1 ||     3
Armor: Animal skin       |       |     1 |     1 |       ||     2
       Troll leather arm |       |       |     4 |    11 ||    15
       Plate armour      |       |       |       |    94 ||    94
Dodge: Dodged            |     1 |     3 |    17 |    83 ||   104
